 Dungeon Crawl Stone Soup version 0.30-a0-1163-gf69bf04e7a (webtiles) character file.

Game seed: 4253034615183283996

6836 Lobster4 the Destroyer (level 11, -5/84 HPs)
             Began as a Human Conjurer on Apr 28, 2023.
             Was a Follower of Vehumet.
             Killed from afar by a starcursed mass (8 damage)
             ... with an accursed screaming
             ... on level 1 of the Abyss.
             The game lasted 00:34:14 (11893 turns).

Lobster4 the Destroyer (Human Conjurer)            Turns: 11893, Time: 00:34:14

Health: -5/84      AC: 11    Str: 10    XL:     11   Next: 26%
Magic:  21/21      EV: 14    Int: 20    God:    Vehumet [*.....]
Gold:   228        SH:  0    Dex: 12    Spells: 12/24 levels left

rFire   . . .        x - +2 short sword (venom)
rCold   . . .        (no shield)
rNeg    . . .        m - +0 steam dragon scales
rPois   +            n - +0 helmet
rElec   .            d - +0 cloak
rCorr   .            c - +1 pair of gloves
SInv    .            (no boots)
Will    .....        t - amulet of magic regeneration
Stlth   ++           v - ring of poison resistance
HPRegen 0.34/turn    s - ring of wizardry
MPRegen 0.57/turn

%: wizardry (x1)
@: no status effects
A: no striking features
a: Renounce Religion


You were on level 1 of the Abyss.
You worshipped Vehumet.
Vehumet was aware of your devotion.
You visited 2 branches of the dungeon, and saw 10 of its levels.
You visited the Abyss 1 time.

You collected 528 gold pieces.
You spent 300 gold pieces at shops.

Inventory:

Hand Weapons
 a - a +1 dagger of venom
 b - a +0 sling
 h - a +1 short sword
 w - a +0 shortbow
 x - a +2 short sword of venom (weapon)
 z - a +3 dagger
Missiles
 f - 112 stones
 j - 35 poisoned darts (quivered)
 B - 3 boomerangs
Armour
 c - a +1 pair of gloves (worn)
 d - a +0 cloak (worn)
 g - a +0 robe of positive energy
 m - +0 steam dragon scales (worn)
 n - a +0 helmet (worn)
 E - a +0 kite shield
Jewellery
 l - a ring of magical power
 s - a ring of wizardry (right hand)
 t - an amulet of magic regeneration (around neck)
 v - a ring of poison resistance (left hand)
Wands
 y - a wand of charming (14)
Scrolls
 q - a scroll of immolation
Potions
 e - 7 potions of mutation
 k - 2 potions of attraction
 p - 6 potions of curing
 A - a potion of brilliance
 D - a potion of heal wounds


   Skills:
 + Level 7.1 Fighting
 - Level 2.0 Short Blades
 + Level 6.1 Armour
 + Level 6.1 Dodging
 - Level 3.0 Stealth
 + Level 1.2 Shields
 + Level 7.1 Spellcasting
 + Level 8.5 Conjurations
 - Level 3.0 Translocations
 + Level 3.5 Fire Magic


You had 12 spell levels left.
You knew the following spells:

 Your Spells              Type           Power      Damage    Failure   Level
a - Magic Dart            Conj           100%       1d8       1%          1
b - Searing Ray           Conj           82%        2d7       1%          2
c - Fireball              Conj/Fire      15%        3d8       9%          5
d - Iskenderun's Mystic   Conj/Tloc      30%        2d8       3%          4

Your spell library contained the following spells:

 Spells                   Type           Power      Damage    Failure   Level
 Kiss of Death            Conj/Necr      96%        2d12      1%          1
 Apportation              Tloc           38%        N/A       1%          1
 Foxfire                  Conj/Fire      100%       2x1d9     1%          1
 Blink                    Tloc           38%        N/A       1%          2
 Lesser Beckoning         Tloc           38%        N/A       1%          2
 Momentum Strike          Conj/Tloc      60%        3d9       1%          2
 Dazzling Flash           Conj/Hex       48%        N/A       1%          3
 Cigotuvi's Dreadful Rot  Necr/Pois/Air  14%        N/A       6%          2
 Fulminant Prism          Conj/Hex       12%        3d8       6%          4
 Ignite Poison            Fire/Tmut/Pois 11%        N/A       7%          3
 Freezing Cloud           Conj/Ice/Air   9%         6-21      32%         5
 Animate Dead             Necr           7%         N/A       34%         4
 Cause Fear               Hex            3%         N/A       34%         4
 Starburst                Conj/Fire      15%        6d6       43%         6
 Alistair's Intoxication  Tmut/Pois      4%         N/A       67%         5
 Borgnjor's Vile Clutch   Necr/Erth      3%         N/A       67%         5
 Plasma Beam              Fire/Air       7%         2x1d19    93%         6
 Death Channel            Necr           3%         N/A       99%         6
 Dragon Form              Tmut           3%         N/A       100%        7
 Dragon's Call            Summ           3%         N/A       100%        9


Dungeon Overview and Level Annotations

Branches:
Dungeon (9/15)             Temple (1/1) D:5
   Lair: D:8-11         Orc: D:9-12

Altars:
Ashenzari
Cheibriados
Dithmenos
Elyvilon
Fedhas
Gozag
Hepliaklqana
Kikubaaqudgha
Makhleb
Nemelex Xobeh
Okawaru
Qazlal
Sif Muna
Trog
Uskayaw
Vehumet
Wu Jian
Xom
Yredelemnul
Zin
The Shining One

Shops:
D:7 *   D:8 *[

Annotations:
D:5 exclusion: black bear
D:9 Erolcha, Joseph


Message History

You kill the black bear!
Vehumet accepts your kill.
The black bear's shape twists and changes as it dies.
You see here a shapeshifter corpse.
A thrashing horror comes into view.
The thrashing horror roars!
The thrashing horror closely misses you.
The thrashing horror tramples you but does no damage.
The thrashing horror attacks as you move away!
The thrashing horror tramples you.
The thrashing horror tramples you but does no damage. x3
Okay, then.
Unknown command.
Okay, then.
You fade into invisibility!
Found a corrupted altar of Lugonu.
A smoke demon comes into view.
Found a corrupted altar of Lugonu.
You start resting.
You flicker for a moment.
You start resting.
A bone dragon is nearby!
You flicker back into view.
A tormentor comes into view.
The tormentor calls on the powers of darkness!
Your body is wracked with pain!
* * * LOW HITPOINT WARNING * * *
The tormentor calls on the powers of darkness!
Your body is wracked with pain!
* * * LOW HITPOINT WARNING * * *
A starcursed mass comes into view.
The starcursed mass shrieks in your mind.
* * * LOW HITPOINT WARNING * * *
The starcursed mass shrieks in your mind.
* * * LOW HITPOINT WARNING * * *
A starcursed mass splits.
A starcursed mass splits. x2
A sun demon comes into view.
A chorus of shrieks assaults your mind.
You die...

#.#...###..###..
#...##...#....
#. #....#.#..#..
#.#
#..##.#2.....#
##.. #
#...##..#.#.#...
##.
##......##..# #
#...#....X#..
...##.#...#X#
### #......@#..
#.#.#.##.X#..
#.#.######X# .
#. ... . ...
.#... ##3. .#


You could see 3 starcursed masses, a sun demon (wandering) and a tormentor.

Vanquished Creatures
  Gastronok (D:8)
  Pikel (D:6)
  A smoke demon (Abyss:1)
  Maggie (D:7)
  A kobold demonologist (D:9)
  Prince Ribbit (D:6)
  Sigmund (D:6)
  2 humans (D:7)
  A wraith (D:8)
  2 steam dragons
  A water moccasin (D:7)
  An ice beast (D:6)
  3 orc warriors
  Pargi (D:3)
  A black bear (D:7)
  A black bear (shapeshifter) (Abyss:1)
  3 centaurs
  2 phantoms
  Blork the orc (D:6)
  3 bullfrogs
  2 kobold brigands
  4 scorpions
  2 gnoll sergeants
  8 wights (D:6)
  9 killer bees
  A howler monkey (D:7)
  2 hounds (D:5)
  A jelly (D:6)
  3 orc priests
  2 iguanas (D:4)
  4 sleepcaps
  2 orc wizards
  9 gnolls
  5 adders
  A white imp (D:7)
  A worm (D:4)
  2 dart slugs
  24 orcs
  5 endoplasms
  2 giant cockroaches
  10 hobgoblins
  13 jackals
  3 quokkas (D:2)
  4 ball pythons
  5 bats
  A frilled lizard (D:2)
  13 goblins
  36 kobolds
  5 rats
208 creatures vanquished.

Vanquished Creatures (others)
  69 plants
69 creatures vanquished.

Grand Total: 277 creatures vanquished

Notes
Turn   | Place    | Note
-------+----------+-------------------------------------------
     0 | D:1      | Lobster4 the Human Conjurer began the quest for the Orb.
     0 | D:1      | Reached XP level 1. HP: 13/13 MP: 3/3
   420 | D:1      | Reached XP level 2. HP: 19/19 MP: 1/5
   423 | D:1      | Learned a level 2 spell: Searing Ray
   819 | D:2      | Reached XP level 3. HP: 25/25 MP: 6/6
   894 | D:2      | Reached skill level 1 in Fighting
   940 | D:2      | Reached XP level 4. HP: 32/32 MP: 2/7
   998 | D:2      | Found a glowing silver altar of Zin.
  1084 | D:2      | Reached skill level 1 in Armour
  1432 | D:2      | Found a faded altar of an unknown god.
  1617 | D:3      | Found a shimmering altar of Xom.
  1622 | D:3      | Noticed Pargi
  1721 | D:3      | Killed Pargi
  1722 | D:3      | Reached skill level 1 in Short Blades
  1722 | D:3      | Reached XP level 5. HP: 33/37 MP: 0/9
  2402 | D:4      | Reached XP level 6. HP: 44/44 MP: 1/10
  3271 | D:4      | Found a sparkling altar of Nemelex Xobeh.
  3739 | D:4      | Reached XP level 7. HP: 50/50 MP: 5/11
  3844 | D:5      | Entered Level 5 of the Dungeon
  3868 | D:5      | Reached skill level 5 in Conjurations
  4354 | D:5      | Noticed a steam dragon
  4831 | D:5      | Reached XP level 8. HP: 29/58 MP: 13/13
  5117 | D:5      | Found a staircase to the Ecumenical Temple.
  5223 | Temple   | Entered the Ecumenical Temple
  6112 | D:6      | Noticed Sigmund
  6112 | D:6      | Noticed Prince Ribbit
  6133 | D:6      | Killed Sigmund
  6139 | D:6      | Killed Prince Ribbit
  6140 | D:6      | Reached skill level 6 in Conjurations
  6140 | D:6      | Reached XP level 9. HP: 29/65 MP: 7/15
  6732 | D:6      | Reached skill level 5 in Dodging
  6732 | D:6      | Reached skill level 5 in Spellcasting
  6824 | D:6      | Noticed Blork the orc
  6835 | D:6      | Killed Blork the orc
  7100 | D:6      | Noticed Pikel
  7132 | D:6      | Killed Pikel
  7133 | D:6      | Reached skill level 5 in Fighting
  7133 | D:6      | Reached skill level 5 in Armour
  7779 | D:6      | Reached skill level 7 in Conjurations
  7897 | D:6      | Reached XP level 10. HP: 71/73 MP: 10/18
  8787 | D:7      | Found an ancient bone altar of Kikubaaqudgha.
  8793 | D:7      | Found an opulent altar of Gozag.
  8798 | D:7      | Found a glowing silver altar of Zin.
  8846 | D:7      | Found a shadowy altar of Dithmenos.
  8970 | D:7      | Found a radiant altar of Vehumet.
  8989 | D:7      | Found an iron altar of Okawaru.
  9002 | D:7      | Became a worshipper of Vehumet
  9026 | D:7      | Noticed Maggie
  9048 | D:7      | Killed Maggie
  9565 | D:7      | Found Coept's Neck Hole.
  9582 | D:7      | Learned a level 4 spell: Iskenderun's Mystic Blast
  9588 | D:7      | Learned a level 5 spell: Fireball
  9888 | D:7      | Bought an amulet of magic regeneration for 300 gold pieces
  9999 | D:8      | Found Ecwi's Elemental Accessories.
 10025 | D:8      | Reached skill level 1 in Translocations
 10025 | D:8      | Reached skill level 1 in Fire Magic
 10099 | D:8      | Noticed Gastronok
 10163 | D:8      | Killed Gastronok
 10164 | D:8      | Reached skill level 8 in Conjurations
 10301 | D:8      | Reached XP level 11. HP: 78/83 MP: 21/21
 10715 | D:8      | Found Pudde's Antique Armour Shoppe.
 10770 | D:8      | Reached * piety under Vehumet
 10770 | D:8      | Offered knowledge of Kiss of Death by Vehumet.
 11093 | D:9      | Noticed Erolcha
 11317 | D:9      | Noticed Joseph
 11691 | Abyss:1  | Cast into level 1 of the Abyss (Erolcha)
 11694 | Abyss:1  | Noticed a starcursed mass
 11708 | Abyss:1  | Found a corrupted altar of Lugonu.
 11761 | Abyss:1  | Noticed a bone dragon
 11772 | Abyss:1  | Found a corrupted altar of Lugonu.
 11773 | Abyss:1  | Found a corrupted altar of Lugonu.
 11773 | Abyss:1  | Found a corrupted altar of Lugonu.
 11791 | Abyss:1  | Reached skill level 1 in Shields
 11795 | Abyss:1  | Noticed a starcursed mass
 11796 | Abyss:1  | Noticed a thrashing horror
 11828 | Abyss:1  | Noticed a thrashing horror
 11839 | Abyss:1  | Found a corrupted altar of Lugonu.
 11858 | Abyss:1  | Found a corrupted altar of Lugonu.
 11888 | Abyss:1  | Noticed a starcursed mass
 11889 | Abyss:1  | HP: 2/84 [starcursed mass/accursed screaming (7)]
 11893 | Abyss:1  | Noticed a sun demon
 11893 | Abyss:1  | Killed from afar by a starcursed mass

Illustrated notes

Levels and vault maps discovered:
D:1:      tekkud_arrival_beachfront_property, layout_basic, st_stairs_7
D:2:      layout_rooms, basic_altar, dilly_ecumenical_altar_fadedgnrine
D:3:      layout_rooms, xom_teletrap_fun, uniq_pargi
D:4:      layout_basic, nemelex_diamond_rough_becter, saegor_snake_ambush
D:5:      layout_cave_pods, minmay_temple_entry_enclosed_plants
D:6:      kennysheep_kobold_camp, layout_loops_ring, uniq_sigmund,
          uniq_blork_the_orc, uniq_prince_ribbit1, uniq_pikel
D:7:      layout_loops_ring, mainiacjoe_overflow_chevrons, okawaru_humans,
          minmay_overflow_temple_star_quad, grunt_dithmenos_shadows,
          nicolae_shop_sticking_my_neck_out, uniq_maggie
D:8:      layout_rooms, serial_shops, shop, nicolae_elemental_shop,
          nrook_mini_vaults, uniq_gastronok
D:9:      layout_cave_pools, nicolae_ru_path_of_blood, uniq_joseph, uniq_erolcha
Temple:   hellmonk_temple_forest_ring
Abyss:1:  base: Temple, abyss_furniture_001, evilmike_abyss_exit_mutagenic,
          hangedman_decor_peaks_small

Skill      XL: |  1  2  3  4  5  6  7  8  9 10 11 |
---------------+----------------------------------+-----
Fighting       | 1 2 3 4 5 6 7 |  7.1
Armour         | 1 2 3 4 5 6 |  6.1
Short Blades   | 1 2 |  2.0
Stealth        | 3 |  3.0
Dodging        | 3 4 5 6 |  6.1
Spellcasting   | 3 4 5 6 7 |  7.1
Conjurations   | 5 6 7 8 |  8.5
Translocations | 2 3 |  3.0
Fire Magic     | 2 3 |  3.5
Shields        | 1 |  1.2

Action                     |  1- 3 |  4- 6 |  7- 9 | 10-12 || total
---------------------------+-------+-------+-------+-------++-------
  Melee: Short sword       |    15 |       |       |    31 ||    46
         Dagger            |    28 |    20 |    39 |    79 ||   166
         Punch             |       |     1 |       |     1 ||     2
   Fire: Sling             |       |     5 |       |       ||     5
  Throw: Stone             |       |       |     1 |       ||     1
         Dart              |       |       |       |    50 ||    50
         Throwing net      |       |       |       |     2 ||     2
   Cast: Magic Dart        |    14 |    73 |    61 |    59 ||   207
         Searing Ray       |     1 |    19 |    60 |    54 ||   134
    Use: Scroll            |     2 |     9 |     5 |     7 ||    23
         Potion            |       |       |     9 |     4 ||    13
   Stab: Sleeping          |     3 |     2 |       |     1 ||     6
 Armour: Robe              |    12 |    11 |     5 |    17 ||    45
         Leather armour    |       |       |    31 |       ||    31
         Skin              |       |       |    15 |       ||    15
         Steam dragon scal |       |       |       |    66 ||    66
  Dodge: Dodged            |    20 |    31 |    89 |   180 ||   320

Table legend: (Time is in decaauts)
 A = Elapsed time spent in this place.
 B = Non-inter-level travel time spent in this place.
 C = Inter-level travel time spent in this place.
 D = Time resting spent in this place.
 E = Time spent auto-exploring this place.
 F = Levels seen in this place.
 G = Mean time per level.
                   A        B        C        D        E       F      G
               +--------+--------+--------+--------+--------+-----+--------+
         Total |  11947 |  11283 |    664 |   2014 |   7105 |  11 | 1086.1 |
       Dungeon |  11594 |  10943 |    651 |   1959 |   6974 |   9 | 1288.2 |
        Temple |    152 |    139 |     13 |      0 |    129 |   1 |  152.0 |
         Abyss |    199 |    199 |      0 |     55 |      2 |   1 |  199.0 |
               +--------+--------+--------+--------+--------+-----+--------+

Top non-repeatable levels by time:
     D:6: 2511 daAuts
     D:4: 1759 daAuts
     D:5: 1617 daAuts
     D:7: 1605 daAuts
     D:8: 1344 daAuts
     D:3: 921 daAuts
     D:2: 744 daAuts
     D:1: 712 daAuts
     D:9: 379 daAuts
 Abyss:1: 199 daAuts
  Temple: 152 daAuts
